 Dungeon Crawl Stone Soup version 0.30-a0-304-gdc4b735fe1 (webtiles) character file.

Game seed: 13294139373624967405

3706 Dnbvrw the Covert (level 9, 0/35 HPs)
             Began as a Spriggan Enchanter on Oct 20, 2022.
             Was a Priest of Dithmenos.
             Slain by a hornet (14 damage)
             ... on level 8 of the Dungeon.
             The game lasted 00:31:33 (7406 turns).

Dnbvrw the Covert (Spriggan Enchanter)              Turns: 7406, Time: 00:31:34

Health: 0/35       AC:  8    Str:  8    XL:     9   Next: 91%
Magic:  21/24      EV: 21    Int: 17    God:    Dithmenos [***...]
Gold:   990        SH:  0    Dex: 15    Spells: 15/29 levels left

rFire   + . .      SeeInvis +    r - +3 dagger (vorpal)
rCold   . . .      Faith    .    (no shield)
rNeg    . . .      Spirit   .    A - +1 robe {rF+}
rPois   .          Reflect  .    (helmet restricted)
rElec   .          Harm     .    k - +0 cloak
rCorr   .          Rampage  .    (gloves unavailable)
Will    +....                    (boots unavailable)
Stlth   +++++++...               i - amulet of regeneration
HPRegen 1.05/turn                e - +4 ring of evasion
MPRegen 0.19/turn                u - +4 ring of protection

@: lethally poisoned (0 -> -2), slowed, wreathed by umbra, quick
A: very small, no large weapons, unfitting armour, see invisible, speed 3, frail
1, passive freeze, no potion heal 1, sturdy frame 1
a: Renounce Religion, Shadow Step


You were on level 8 of the Dungeon.
You worshipped Dithmenos.
Dithmenos was most pleased with you.
You visited 2 branches of the dungeon, and saw 9 of its levels.
You also visited: Sewer.

You collected 990 gold pieces.

Inventory:

Hand Weapons
 r - a +3 vorpal dagger (weapon)
 s - a +2 rapier of draining
Missiles
 z - a throwing net (quivered)
Armour
 k - a +0 cloak (worn)
 A - a +1 robe of fire resistance (worn)
Jewellery
 b - a ring of ice
 e - a +4 ring of evasion (left hand)
 i - an amulet of regeneration (around neck)
 o - a ring of ice
 u - a +4 ring of protection (right hand)
Wands
 q - a wand of roots (7)
 w - a wand of polymorph (8)
Scrolls
 a - a scroll of enchant armour {unknown}
 h - a scroll of silence {unknown}
 y - 2 scrolls of teleportation
Potions
 c - 3 potions of invisibility
 d - 6 potions of curing
 f - 3 potions of brilliance
 g - 7 potions of heal wounds
 j - a potion of might {unknown}
 l - a potion of lignification {unknown}
 n - 2 potions of degeneration {unknown}
 p - 3 potions of flight {unknown}
 t - a potion of cancellation {unknown}
 v - 4 potions of haste
 x - a potion of resistance {unknown}


   Skills:
 - Level 1.1 Short Blades
 - Level 2.6 Dodging
 + Level 12.6 Stealth
 + Level 10.5 Spellcasting
 + Level 10.8 Hexes


You had 15 spell levels left.
You knew the following spells:

 Your Spells              Type           Power      Damage    Failure   Level
a - Ensorcelled Hibernat  Hex/Ice        54%        N/A       1%          2
b - Tukima's Dance        Hex            45%        N/A       1%          3
c - Dazzling Flash        Conj/Hex       54%        N/A       2%          3
d - Confusing Touch       Hex            45%        N/A       1%          3
e - Stone Arrow           Conj/Erth      16%        3d8       24%         3

Your spell library contained the following spells:

 Spells                   Type           Power      Damage    Failure   Level
 Beastly Appendage        Tmut           16%        N/A       9%          1
 Wereblood                Tmut           8%         N/A       12%         2
 Hailstorm                Conj/Ice       8%         3d4       24%         3
 Spider Form              Tmut/Pois      8%         N/A       24%         3
 Yara's Violent Unravell  Hex/Tmut       13%        3d7       24%         5
 Animate Armour           Summ/Erth      16%        N/A       63%         4
 Ice Form                 Ice/Tmut       8%         N/A       63%         4
 Passage of Golubria      Tloc           8%         N/A       63%         4
 Simulacrum               Ice/Necr       4%         N/A       100%        6
 Borgnjor's Revivificati  Necr           4%         N/A       100%        8
 Lehudib's Crystal Spear  Conj/Erth      4%         10d3      100%        8
 Necromutation            Tmut/Necr      4%         N/A       100%        8
 Death's Door             Necr           4%         N/A       100%        9


Dungeon Overview and Level Annotations

Branches:
Dungeon (8/15)             Temple (1/1) D:5           Sewer (visited)
   Lair: D:8-11

Altars:
Ashenzari
Cheibriados
Dithmenos
Elyvilon
Fedhas
Gozag
Hepliaklqana
Kikubaaqudgha
Makhleb
Nemelex Xobeh
Okawaru
Qazlal
Ru
Sif Muna
Trog
Uskayaw
Vehumet
Wu Jian
Xom
Yredelemnul
Zin
The Shining One

Shops:
D:1 ([=[


Innate Abilities, Weirdness & Mutations

You are very small and have problems with some larger weapons.
You are too small for most types of armour.
You have supernaturally acute eyesight. (SInv)
You cover ground extremely quickly. (Speed+++)
You are frail. (-10% HP)
A frigid envelope surrounds you and freezes all who hurt you.
Potions are less effective at restoring your health.
Your movements are slightly less encumbered by armour. (ER -2)


Message History

You climb downwards.
The yak bellows!
The bullfrog croaks.
The yak bellows!
The hornet buzzes angrily.
The yak bellows!
Found 15 gold pieces.
There is a stone staircase leading up here.
There are monsters nearby!
Unknown command.
The yak bellows! x2
The yak closely misses you.
You climb upwards.
There is a stone staircase leading down here.
Casting: Ensorcelled Hibernation (safe; 1% risk of failure)
Confirm with . or Enter, or press ? or * to list all spells.
Aiming: Ensorcelled Hibernation (safe; 1% risk of failure)
Press: ? - help, Shift-Dir - straight line, f - yak
Aim: a yak (umbra, chance to affect: 58%)
The yak resists with significant effort.
The yak closely misses you.
Unknown command.
Casting: Ensorcelled Hibernation (safe; 1% risk of failure)
Confirm with . or Enter, or press ? or * to list all spells.
Aiming: Ensorcelled Hibernation (safe; 1% risk of failure)
Press: ? - help, Shift-Dir - straight line, f/p - yak
Aim: a yak (umbra, chance to affect: 58%)
The yak looks drowsy...
Unknown command.
The helpless yak fails to defend itself.
You stick the yak like a pincushion!!!
You kill the yak!
Dithmenos accepts your kill.
You climb downwards.
The hornet closely misses you. The bullfrog misses you. The hornet stings you!
You are poisoned.
You feel yourself slow down.
The hornet is very cold.
The hornet is moderately wounded.
The bullfrog completely misses you. The yak gores you!
The yak completely misses you.
There is a stone staircase leading up here.
The hornet attacks as you move away! The hornet stings you!
You die...

...... .....
.... ...
########.. ##
......... ..
.###..Y.#.#####
.....Yy@.......
####.YY.F######
#.$..## #....#
#....# #.....
#####. .


You could see 4 yaks, a hornet and a bullfrog.

Vanquished Creatures
  The ghost of twist the Transmogrifier, a novice OpTm (D:6)
  Eustachio (D:4)
  A steam dragon (D:7)
  A yak (D:7)
  2 water moccasins
  An ice beast (D:6)
  An ogre (D:4)
  2 centaurs
  A phantom (D:7)
  A bullfrog (D:6)
  2 gnoll sergeants (D:5)
  4 scorpions
  A wight (D:7)
  6 killer bees
  An electric eel (D:6)
  6 jellies
  4 hounds
  2 orc priests (D:7)
  Ijyb (D:5)
  An orc wizard (D:7)
  8 iguanas
  15 gnolls
  9 adders
  A river rat (D:5)
  3 white imps
  An ufetubus (D:7)
  3 worms
  2 dart slugs (D:1)
  10 orcs
  12 endoplasms
  6 giant cockroaches
  14 goblins
  9 hobgoblins
  5 jackals
  7 kobolds
  2 quokkas
  16 ball pythons
  3 bats
  8 frilled lizards
  10 rats
184 creatures vanquished.

Vanquished Creatures (collateral kills)
  2 gnoll sergeants
  4 wights (D:7)
  Crazy Yiuf (D:2)
  Terence (D:2)
  6 gnolls
  An orc (D:5)
15 creatures vanquished.

Vanquished Creatures (others)
  3 dancing weapons
  An ufetubus (D:6)
  A plant (D:7)
5 creatures vanquished.

Grand Total: 204 creatures vanquished

Notes
Turn   | Place    | Note
-------+----------+-------------------------------------------
     0 | D:1      | Dnbvrw the Spriggan Enchanter began the quest for the Orb.
     0 | D:1      | Reached XP level 1. HP: 9/9 MP: 5/5
     2 | D:1      | Found Asyoli's Jewellery Boutique.
   156 | D:1      | Found Xyq Xaj's Antique Armour Shoppe.
   258 | D:1      | Reached XP level 2. HP: 13/13 MP: 7/7
   261 | D:1      | Learned a level 2 spell: Ensorcelled Hibernation
   335 | D:1      | Found Soysukhy's Antique Armour Emporium.
   454 | D:1      | Found Liwib's Antique Weapon Boutique.
   886 | D:2      | Noticed Terence
   891 | D:2      | Reached XP level 3. HP: 16/16 MP: 9/9
   907 | D:1      | Learned a level 3 spell: Tukima's Dance
   911 | D:1      | Learned a level 3 spell: Confusing Touch
   972 | D:2      | Killed Terence
  1128 | D:2      | Found a runed translucent door.
  1129 | D:2      | Noticed Crazy Yiuf
  1140 | D:2      | Killed Crazy Yiuf
  1141 | D:2      | Reached skill level 5 in Hexes
  1141 | D:2      | Reached XP level 4. HP: 14/21 MP: 3/11
  1350 | D:2      | Identified the +4 ring mail of Infinity {Regen+ Slay+5}
  2251 | D:4      | Reached skill level 5 in Spellcasting
  2251 | D:4      | Reached XP level 5. HP: 24/24 MP: 11/13
  2418 | D:4      | Reached skill level 5 in Stealth
  2420 | D:4      | Reached XP level 6. HP: 21/28 MP: 2/15
  2770 | D:4      | Reached skill level 6 in Stealth
  2898 | D:4      | Found a sacrificial altar of Ru.
  2911 | D:4      | Noticed Eustachio
  3411 | D:4      | Reached XP level 7. HP: 32/32 MP: 14/17
  3815 | D:4      | Killed Eustachio
  3816 | D:4      | Reached skill level 7 in Stealth
  3823 | D:5      | Entered Level 5 of the Dungeon
  3871 | D:5      | Found a staircase to the Ecumenical Temple.
  3885 | Temple   | Entered the Ecumenical Temple
  3889 | Temple   | Became a worshipper of Dithmenos the Shadowed
  4095 | D:5      | Noticed Ijyb
  4104 | D:5      | Killed Ijyb
  4251 | D:5      | Found a glowing drain.
  4261 | Sewer    | Entered a sewer
  4273 | Sewer    | Reached skill level 8 in Stealth
  4436 | Sewer    | Reached * piety under Dithmenos
  4463 | Sewer    | Found a viscous altar of Jiyva.
  4648 | D:5      | Reached XP level 8. HP: 36/36 MP: 15/20
  4946 | D:5      | Reached skill level 9 in Stealth
  5240 | D:5      | Reached ** piety under Dithmenos
  5400 | D:6      | Found a shimmering altar of Xom.
  5453 | D:6      | Learned a level 3 spell: Dazzling Flash
  5457 | D:6      | Learned a level 3 spell: Stone Arrow
  5547 | D:6      | Found a runed translucent door.
  5549 | D:6      | Noticed twist's ghost (novice OpTm)
  5772 | D:6      | Found a radiant altar of Vehumet.
  5895 | D:6      | Found a runed translucent door.
  5919 | D:6      | Reached skill level 10 in Stealth
  5946 | D:6      | Killed twist's ghost
  5947 | D:6      | Reached XP level 9. HP: 31/39 MP: 12/23
  6156 | D:6      | Reached skill level 11 in Stealth
  6288 | D:7      | Identified a scroll of acquirement
  6288 | D:7      | Acquired 545 gold pieces
  6438 | D:7      | Reached skill level 10 in Hexes
  6595 | D:7      | Found a sparkling altar of Nemelex Xobeh.
  6721 | D:7      | Reached skill level 12 in Stealth
  6721 | D:7      | Reached skill level 10 in Spellcasting
  6738 | D:7      | Reached *** piety under Dithmenos
  7205 | D:7      | Gained mutation: You are clumsy. (Dex -2) [potion of
                  | mutation]
  7205 | D:7      | Gained mutation: You have a pair of small horns on your
                  | head. [potion of mutation]
  7209 | D:7      | Lost mutation: You have a pair of small horns on your head.
                  | [potion of mutation]
  7209 | D:7      | Lost mutation: You are clumsy. (Dex -2) [potion of
                  | mutation]
  7209 | D:7      | Gained mutation: You expend magic power (3 MP) to
                  | strengthen your wands. [potion of mutation]
  7209 | D:7      | Gained mutation: You have sharp toenails. [potion of
                  | mutation]
  7210 | D:7      | Lost mutation: You have sharp toenails. [potion of
                  | mutation]
  7210 | D:7      | Lost mutation: You expend magic power (3 MP) to strengthen
                  | your wands. [potion of mutation]
  7210 | D:7      | Gained mutation: You are robust. (+10% HP) [potion of
                  | mutation]
  7210 | D:7      | Gained mutation: Potions are less effective at restoring
                  | your health. [potion of mutation]
  7210 | D:7      | Gained mutation: You are occasionally teleported next to
                  | monsters. [potion of mutation]
  7210 | D:7      | Gained mutation: Your spells are a little harder to cast,
                  | but a little more powerful. [potion of mutation]
  7211 | D:7      | Lost mutation: You are robust. (+10% HP) [potion of
                  | mutation]
  7211 | D:7      | Lost mutation: Your spells are a little harder to cast, but
                  | a little more powerful. [potion of mutation]
  7211 | D:7      | Lost mutation: You are occasionally teleported next to
                  | monsters. [potion of mutation]
  7211 | D:7      | Gained mutation: Your movements are slightly less
                  | encumbered by armour. (ER -2) [potion of mutation]
  7211 | D:7      | Gained mutation: You are frail. (-10% HP) [potion of
                  | mutation]
  7211 | D:7      | Gained mutation: A frigid envelope surrounds you and
                  | freezes all who hurt you. [potion of mutation]
  7288 | D:7      | Found a white marble altar of Elyvilon.
  7406 | D:8      | Slain by a hornet

Illustrated notes

Levels and vault maps discovered:
D:1:      dpeg_arrival_shelter, layout_basic, serial_shops, shop, shop,
          nicolae_shop_crystal, shop
D:2:      layout_rooms, chequers_arboretum, chequers_serial_rivers_marsh,
          dk_noncrumbling_3, uniq_crazy_yiuf_cottage, uniq_terence
D:3:      layout_rooms, kennysheep_generic_room_4
D:4:      layout_gridville, kennysheep_mini, uniq_eustachio
D:5:      layout_loops_ring, minmay_temple_entry_glassed_door,
          portal_sewer_entry_b, uniq_ijyb
D:6:      layout_basic, mainiacjoe_overflow_tiny_flanked, xom_teletrap_fun,
          ebering_ghost_sewer_f, kennysheep_generic_room_16
D:7:      corexii_shack_village, layout_cave_pods, nemelex_spade_bored_becter,
          overflow_temple_1_default, nicolae_eternal_life
D:8:      layout_rooms, hangedman_abyss_or_decor_stagger,
          amcnicky_mini_corridor_feature, uniq_psyche
Temple:   sentei_temple_godly_chess

Skill      XL: |  1  2  3  4  5  6  7  8  9 |
---------------+----------------------------+-----
Spellcasting   | 3 4 5 6 7 9 10 | 10.5
Hexes          | 4 5 6 7 9 10 | 10.8
Stealth        | 5 6 8 10 12 | 12.6
Short Blades   | |  1.1
Dodging        | |  2.6

Action                   |  1- 3 |  4- 6 |  7- 9 || total
-------------------------+-------+-------+-------++-------
Melee: Dagger            |    68 |   181 |   318 ||   567
       Punch             |       |     1 |     3 ||     4
 Cast: Ensorcelled Hiber |     4 |    21 |    55 ||    80
       Tukima's Dance    |     3 |    11 |    19 ||    33
       Confusing Touch   |     2 |     1 |     9 ||    12
       Dazzling Flash    |       |       |     1 ||     1
Evoke: Wand              |       |     2 |     5 ||     7
  Use: Scroll            |     3 |     5 |     7 ||    15
       Potion            |       |       |     4 ||     4
 Stab: Sleeping          |    13 |    17 |    64 ||    94
       Distracted        |       |     1 |     2 ||     3
       Confused          |       |       |     9 ||     9
       Invisible         |       |       |     1 ||     1
Armor: Robe              |     6 |    20 |    37 ||    63
Dodge: Dodged            |    49 |   191 |   363 ||   603

Table legend: (Time is in decaauts)
 A = Elapsed time spent in this place.
 B = Non-inter-level travel time spent in this place.
 C = Inter-level travel time spent in this place.
 D = Time resting spent in this place.
 E = Time spent auto-exploring this place.
 F = Levels seen in this place.
 G = Mean time per level.
                   A        B        C        D        E       F      G
               +--------+--------+--------+--------+--------+-----+--------+
         Total |   5429 |   5226 |    203 |    221 |   3288 |  10 |  542.9 |
       Dungeon |   5110 |   4907 |    203 |    221 |   3175 |   8 |  638.8 |
        Temple |      6 |      6 |      0 |      0 |      0 |   1 |    6.0 |
         Sewer |    312 |    312 |      0 |      0 |    112 |   1 |  312.0 |
               +--------+--------+--------+--------+--------+-----+--------+

Top non-repeatable levels by time:
     D:4: 1231 daAuts
     D:5: 827 daAuts
     D:7: 772 daAuts
     D:6: 717 daAuts
     D:1: 610 daAuts
     D:2: 529 daAuts
     D:3: 419 daAuts
   Sewer: 312 daAuts
  Temple: 6 daAuts
     D:8: 3 daAuts
